 Dungeon Crawl Stone Soup version 0.23.2-1-ga50397a6bc (webtiles) character file.

Game seed: 8316696112485970331

152 nocturnal the Cutter (level 5, 0/36 HPs)
             Began as a Halfling Warper on May 16, 2019.
             Succumbed to an adder's poison
             ... on level 3 of the Dungeon.
             The game lasted 00:10:03 (2870 turns).

nocturnal the Cutter (Halfling Warper)              Turns: 2870, Time: 00:10:04

Health: 0/36       AC:  4    Str: 10    XL:     5   Next: 60%
Magic:  7/7        EV: 16    Int: 15    God:
Gold:   131        SH:  0    Dex: 14    Spells: 3/7 levels left

rFire    . . .     SeeInvis .   b - +0 short sword
rCold    . . .     Gourm    .   (shield restricted)
rNeg     . . .     Faith    .   g - +0 leather armour
rPois    .         Spirit   .   (no helmet)
rElec    .         Reflect  .   (no cloak)
rCorr    .         Harm     .   i - +0 pair of gloves
MR       .....                  (no boots)
Stlth    +.........             (no amulet)
HPRegen  0.12/turn              n - +3 ring of intelligence
MPRegen  0.10/turn              j - +2 ring of evasion

@: lethally poisoned (0 -> -2)
A: small, mutation resistance 1, weak 1
a: no special abilities


You were on level 3 of the Dungeon.
You were hungry.

You visited 1 branch of the dungeon, and saw 4 of its levels.

You collected 131 gold pieces.

Inventory:

Hand Weapons
 a - a +0 hunting sling
 b - a +0 short sword (weapon)
Missiles
 c - 16 sling bullets
 e - 5 tomahawks of dispersal (quivered)
 o - 44 stones
Armour
 g - a +0 leather armour (worn)
 i - a +0 pair of gloves (worn)
Jewellery
 j - a +2 ring of evasion (right hand)
 n - a +3 ring of intelligence (left hand)
Scrolls
 d - a scroll of blinking
 h - a scroll of remove curse {@r2}
 k - a scroll of fear
Comestibles
 f - 4 rations
 l - a chunk of flesh


   Skills:
 + Level 2.8 Fighting
 * Level 4.9 Short Blades
 + Level 3.2(3.4) Slings
 - Level 1.0(1.7) Throwing
 - Level 1.1 Armour
 - Level 2.1 Dodging
 - Level 1.5 Spellcasting
 - Level 3.2 Translocations


You had 3 spell levels left.
You knew the following spells:

 Your Spells              Type           Power        Failure   Level  Hunger
b - Blink                 Tloc           N/A          12%         2    ###....
q - Shroud of Golubria    Chrm/Tloc      #.........   24%         2    ###....

Your spell library contained the following spells:

 Spells                   Type           Power        Failure   Level  Hunger
 Gell's Gravitas          Tloc           ##........   24%         3    ####...
 Lesser Beckoning         Tloc           ##........   24%         3    ####...
 Teleport Other           Tloc           ##......     24%         3    ####...
 Passage of Golubria      Tloc           N/A          63%         4    #####..


Dungeon Overview and Level Annotations

Branches:
Dungeon (4/15)
 Temple: D:4-7

Altars:

Annotations:
D:2 Natasha, Sigmund


Innate Abilities, Weirdness & Mutations

You are small and have problems with some larger weapons.
You are somewhat resistant to further mutation.
You are weak. (Str -2)


Message History

You feel sick.
Unknown command.
It was a potion of mutation.
You feel extremely strange.
You feel weaker.
* * * LOW HITPOINT WARNING * * *
You feel sick.
* * * LOW HITPOINT WARNING * * *
You feel sick.
There is a stone staircase leading up here.
* * * LOW HITPOINT WARNING * * *
You feel sick.
* * * LOW HITPOINT WARNING * * *
You feel sick.
* * * LOW HITPOINT WARNING * * *
You feel sick.
* * * LOW HITPOINT WARNING * * *
You feel sick.
* * * LOW HITPOINT WARNING * * *
You feel sick.
You die...

##########...†..# ##
#.......<.......#
#................#######
#..............#.......<
#..............#..######
####...##..##.###.######
#.###..###... .......
##.###.## ..#####.....
#..##@.# ###... #.....##
#... ####### #... #...
####


There were no monsters in sight!

Vanquished Creatures
  A worker ant (D:3)
  7 adders
  3 oozes
  A worm (D:2)
  2 dart slugs (D:2)
  A leopard gecko (D:3)
  3 ball pythons
  5 giant cockroaches
  2 hobgoblins
  8 jackals (D:1)
  2 kobolds
  2 quokkas (D:2)
  3 bats
  A frilled lizard (D:1)
  3 goblins
  3 rats (D:2)
47 creatures vanquished.

Notes
Turn   | Place    | Note
-------+----------+-------------------------------------------
     0 | D:1      | nocturnal the Halfling Warper began the quest for the Orb.
     0 | D:1      | Reached XP level 1. HP: 14/14 MP: 3/3
   299 | D:1      | Reached XP level 2. HP: 19/19 MP: 4/4
   307 | D:1      | Learned a level 2 spell: Blink
   310 | D:1      | Learned a level 2 spell: Shroud of Golubria
   559 | D:1      | Reached skill level 3 in Short Blades
   565 | D:1      | Reached skill level 1 in Slings
   879 | D:1      | Reached XP level 3. HP: 17/24 MP: 2/5
  1344 | D:1      | Reached XP level 4. HP: 27/30 MP: 3/6
  1587 | D:1      | Reached skill level 4 in Short Blades
  1774 | D:2      | Noticed Natasha
  2410 | D:2      | Noticed Sigmund
  2427 | D:2      | You fall through a shaft for 2 floors!
  2469 | D:3      | Reached XP level 5. HP: 31/35 MP: 2/7
  2853 | D:3      | Gained mutation: You are weak. (Str -2) [potion of
                  | mutation]
  2863 | D:3      | HP: 1/36 [poisoned by an adder]
  2870 | D:3      | Succumbed to an adder's poison

Skill      XL: |  1  2  3  4  5 |
---------------+----------------+-----
Fighting       | 2 |  2.8
Short Blades   | 3 4 |  4.9
Slings         | 1 2 3 |  3.2
Throwing       | |  1.0
Armour         | |  1.1
Dodging        | |  2.1
Spellcasting   | |  1.5
Translocations | |  3.2

Action                   |  1- 3 |  4- 6 || total
-------------------------+-------+-------++-------
Melee: Short sword       |    86 |   212 ||   298
 Fire: Hunting sling     |    27 |     9 ||    36
 Cast: Shroud of Golubri |     4 |    14 ||    18
       Blink             |       |     1 ||     1
  Use: Potion            |       |     3 ||     3
       Scroll            |       |     3 ||     3
  Eat: Chunk             |     2 |     6 ||     8
Armor: Leather armour    |    35 |    37 ||    72
Dodge: Dodged            |    83 |   184 ||   267
